 Dungeon Crawl Stone Soup version 0.28-a0-410-gbef64dd269 (webtiles) character file.

Game seed: 11994512458419702685

527 heikuro the Skirmisher (level 7, -7/55 HPs)
             Began as a Formicid Abyssal Knight on Sept 6, 2021.
             Was a Believer of Lugonu.
             Mangled by an ogre (17 damage)
             ... on level 4 of the Dungeon.
             The game lasted 00:08:39 (4236 turns).

heikuro the Skirmisher (Formicid Abyssal Knight)    Turns: 4236, Time: 00:08:40

Health: -7/55      AC:  5    Str: 19    XL:     7   Next: 47%
Magic:  4/10       EV: 10    Int: 11    God:    Lugonu [**....]
Gold:   141        SH:  0    Dex: 10    Spells: 6/6 levels left

rFire   . . .      SeeInvis +   b - +0 hunting sling
rCold   . . .      Faith    .   (no shield)
rNeg    . . .      Spirit   .   j - +0 ring mail
rPois   .          Reflect  .   (helmet unavailable)
rElec   .          Harm     .   (no cloak)
rCorr   .          Rampage  .   (no gloves)
Will    .....                   (no boots)
Stlth   ..........              (no amulet)
HPRegen 0.18/turn               (no ring)
MPRegen 0.12/turn               (no ring)

@: no status effects
A: permanent stasis, dig shafts and tunnels, antennae 3, four strong arms
a: Dig, Shaft Self, Renounce Religion, Depart the Abyss, Bend Space


You were on level 4 of the Dungeon.
You worshipped Lugonu.
Lugonu was pleased with you.
You visited 1 branch of the dungeon, and saw 4 of its levels.
You visited the Abyss 1 time.

You collected 141 gold pieces.

Inventory:

Hand Weapons
 a - a +2 vorpal hand axe
 b - a +0 hunting sling (weapon)
 c - a +1 falchion
 s - a +1 dagger of venom
Missiles
 g - 116 stones (quivered ammo)
 o - 11 poisoned darts
Armour
 j - a +0 ring mail (worn)
Jewellery
 p - an amulet of the acrobat
Scrolls
 e - a scroll of fear {unknown}
 f - a scroll of acquirement {unknown}
 h - a scroll of blinking {unknown}
 k - a scroll of identify {unknown}
 q - a scroll of enchant weapon {unknown}
 r - a scroll of brand weapon {unknown}
Potions
 d - a potion of might {unknown}
 i - 3 potions of berserk rage {unknown}
 l - a potion of haste {unknown}
 m - a potion of lignification {unknown}
 n - a potion of resistance {unknown}
 t - a potion of curing {unknown}
 u - a potion of heal wounds {unknown}
 v - a potion of mutation {unknown}


   Skills:
 + Level 4.6 Fighting
 - Level 2.0 Long Blades
 * Level 4.1 Axes
 + Level 2.9 Slings
 + Level 3.9 Armour
 - Level 1.0 Dodging
 + Level 4.0 Invocations


You had 6 spell levels left.
You didn't know any spells.
Your spell library contained the following spells:

 Spells                   Type           Power      Damage    Failure   Level
 Gell's Gravitas          Tloc           0%         N/A       87%         3
 Teleport Other           Tloc           0%         N/A       87%         3
 Hailstorm                Conj/Ice       0%         3d3       99%         4
 Ice Form                 Ice/Tmut       0%         N/A       99%         4
 Dispersal                Tloc           0%         N/A       100%        6
 Simulacrum               Ice/Necr       0%         N/A       100%        6


Dungeon Overview and Level Annotations

Branches:
Dungeon (4/15)
 Temple: D:4-7

Altars:
Ashenzari
Fedhas
Kikubaaqudgha

Shops:
D:4 [

Annotations:
D:4 quasits


Innate Abilities, Weirdness & Mutations

You cannot be hasted, slowed, berserked, paralysed or teleported.
You can dig through walls and to a lower floor.
You have a pair of large antennae on your head. (SInv)
Your four strong arms can wield two-handed weapons with a shield.


Message History

The bullfrog skeleton hits you but does no damage.
You slash the bullfrog skeleton!
The bullfrog skeleton is heavily damaged.
The bullfrog skeleton hits you but does no damage.
You slash the bullfrog skeleton!
The bullfrog skeleton is almost destroyed.
The bullfrog skeleton hits you. x2
You slash the bullfrog skeleton!
You destroy the bullfrog skeleton!
Lugonu accepts your kill.
The ogre hits you with a +0 giant club!!
Space bends around you!
You blink.
b - a +0 hunting sling (weapon)
Space bends sharply around you!
You blink.
You see here a stone.
There is an open door, spattered with blood here.
You see here a stone.
You see here a stone.
Fire: 119 stones
Press: ? - help, Q - select action, (/) - cycle Shift-Dir - straight line, f/p - ogre
Aim: an ogre, wielding a +0 giant club (heavily wounded, 74% to hit)
You shoot a stone. The stone hits the ogre.
The ogre is heavily wounded.
Unknown command.
Space bends around you!
You blink.
Fire: 118 stones
Press: ? - help, Q - select action, (/) - cycle Shift-Dir - straight line, f/p - ogre
Aim: an ogre, wielding a +0 giant club (heavily wounded, 74% to hit)
You shoot a stone. The stone hits the ogre.
The ogre is severely wounded.
Unknown command.
Space bends around you!
You blink.
Fire: 117 stones
Press: ? - help, Q - select action, (/) - cycle Shift-Dir - straight line, f/p - ogre
Aim: an ogre, wielding a +0 giant club (severely wounded, 74% to hit)
You shoot a stone. The stone hits the ogre.
The ogre is almost dead.
Unknown command.
Space bends around you!
You blink.
The ogre hits you with a +0 giant club!
You die...

....# #.## ####.#
####.#### ##+##
#..?....# ##...##
#.##.##.# ##.....##
#.......# ##.......##
#..###..#
#.....ยง...####..#
#..##
+.....O...'.....###....
#.....@...####.......##
##.......## ##..#####
##.(((.## ##.# ##...##
#.# ##(## #.# #(# #.#
#.# #.# ##.## ..#
##.(.## ###


You could see an ogre.

Vanquished Creatures
  Sigmund (D:2)
  A necrophage (D:4)
  A phantom (D:4)
  A bullfrog skeleton (D:4)
  A howler monkey zombie (D:3)
  4 gnolls (D:4)
  4 adders
  2 worms (D:2)
  3 dart slugs
  5 orcs
  9 ball pythons
  11 bats
  6 endoplasms
  4 giant cockroaches
  5 goblins
  5 hobgoblins
  2 quokkas (D:2)
  4 frilled lizards
  8 kobolds
  4 rats
81 creatures vanquished.

Notes
Turn   | Place    | Note
-------+----------+-------------------------------------------
     0 | Abyss:1  | heikuro the Formicid Abyssal Knight began the quest for the
                  | Orb.
     0 | Abyss:1  | Reached XP level 1. HP: 18/18 MP: 2/2
    52 | Abyss:1  | Noticed a neqoxec
    53 | D:1      | Escaped the Abyss
   210 | D:1      | Reached skill level 1 in Dodging
   232 | D:1      | Reached XP level 2. HP: 22/24 MP: 3/3
   303 | D:1      | Reached skill level 1 in Axes
   334 | D:1      | Reached * piety under Lugonu
   444 | D:1      | Found a faded altar of an unknown god.
   558 | D:1      | Reached XP level 3. HP: 29/29 MP: 4/4
   924 | D:1      | Reached skill level 1 in Slings
  1335 | D:2      | Reached XP level 4. HP: 34/36 MP: 6/6
  1842 | D:2      | Noticed Sigmund
  1861 | D:2      | Killed Sigmund
  1862 | D:2      | Reached XP level 5. HP: 27/42 MP: 7/7
  1862 | D:2      | Reached XP level 6. HP: 31/48 MP: 8/8
  2014 | D:2      | Reached ** piety under Lugonu
  2256 | D:3      | Found a broken altar of Ashenzari.
  2594 | D:3      | Found an ancient bone altar of Kikubaaqudgha.
  2772 | D:3      | Found a blossoming altar of Fedhas.
  3045 | D:4      | Noticed a necrophage
  3065 | D:4      | Killed a necrophage
  3066 | D:4      | Reached XP level 7. HP: 35/54 MP: 9/9
  3319 | D:4      | Identified the +2 robe of the Postmodern Queens {Contam
                  | Harm SInv}
  3479 | D:4      | Found Roneuv's Antique Armour Shop.
  3518 | D:4      | HP: 2/55 [gnoll (5)]
  4236 | D:4      | Mangled by an ogre

Illustrated notes

Levels and vault maps discovered:
D:1:      saegor_arrival_simple_d, layout_loops_ring,
          ebering_ecumenical_altar_ruins, minivault_24, supply_closet_lemuel,
          chequers_serial_rivers_room_b, minmay_misc_feat_roman,
          minmay_quantized
D:2:      layout_loops_ring, st_stairs_11, uniq_sigmund
D:3:      layout_loops_ring, old_standard_altar,
          mainiacjoe_overflow_small_starburst, fedhas_altar_fruit_tree
D:4:      cheibrodos_quashed, layout_loops_corners, grunt_temple_overflow_open,
          serial_shops, shop, amcnicky_mini_rare_corridor_liquid, uniq_duvessa,
          uniq_natasha

Skill      XL: |  1  2  3  4  5  6  7 |
---------------+----------------------+-----
Dodging        | 1 |  1.0
Axes           | 1 3 4 |  4.1
Slings         | 1 2 |  2.9
Fighting       | 4 |  4.6
Armour         | 3 |  3.9
Invocations    | 3 4 |  4.0
Long Blades    | |  2.0

Action                   |  1- 3 |  4- 6 |  7- 9 || total
-------------------------+-------+-------+-------++-------
Melee: Hand axe          |    47 |    84 |    56 ||   187
 Fire: Hunting sling     |    49 |    40 |    28 ||   117
Invok: Depart the Abyss  |     1 |       |       ||     1
       Bend Space        |       |       |     8 ||     8
 Abil: Dig               |       |       |     1 ||     1
  Use: Scroll            |     1 |       |       ||     1
Armor: Leather armour    |     8 |       |       ||     8
       Ring mail         |     8 |    44 |    17 ||    69
Dodge: Dodged            |    32 |    56 |    35 ||   123

Table legend: (Time is in decaauts)
 A = Elapsed time spent in this place.
 B = Non-inter-level travel time spent in this place.
 C = Inter-level travel time spent in this place.
 D = Time resting spent in this place.
 E = Time spent auto-exploring this place.
 F = Levels seen in this place.
 G = Mean time per level.
                   A        B        C        D        E       F      G
               +--------+--------+--------+--------+--------+-----+--------+
         Total |   4261 |   4199 |     62 |    911 |   2262 |   5 |  852.2 |
       Dungeon |   4208 |   4146 |     62 |    911 |   2224 |   4 | 1052.0 |
         Abyss |     53 |     53 |      0 |      0 |     38 |   1 |   53.0 |
               +--------+--------+--------+--------+--------+-----+--------+

Top non-repeatable levels by time:
     D:3: 1170 daAuts
     D:1: 1148 daAuts
     D:2: 1075 daAuts
     D:4: 814 daAuts
 Abyss:1: 53 daAuts
